 Dungeon Crawl Stone Soup version 0.22-a0-63-geddfa9b (webtiles) character file.

1600 Klosterheim the Grappler (level 8, -4/83 HPs)
             Began as a Troll Monk on Jan 10, 2018.
             Slain by a black bear (6 damage)
             ... on level 6 of the Dungeon.
             The game lasted 00:08:19 (4922 turns).

Klosterheim the Grappler (Troll Monk)               Turns: 4922, Time: 00:08:19

Health: -4/83      AC:  5    Str: 22    XL:     8   Next: 62%
Magic:  7/7        EV: 10    Int:  6    God:
Gold:   92         SH:  0    Dex: 12    Spells: 7/7 levels left

rFire    . . .     SeeInvis .     - Unarmed
rCold    . . .     Gourm    +   (no shield)
rNeg     . . .     Faith    +   a - +0 robe
rPois    .         Spirit   .   (helmet restricted)
rElec    .         Reflect  .   (no cloak)
rCorr    .         Harm     .   (gloves unavailable)
MR       .....                  (boots unavailable)
Stlth    ++........             c - amulet of faith
HPRegen  0.63/turn              (no ring)
MPRegen  0.10/turn              (no ring)

@: lethally poisoned (-4 -> -4), invisible
A: large, unfitting armour, claws 3, fast metabolism 3, gourmand, regeneration
1, shaggy fur 1, tough skin 2
a: no special abilities


You were on level 6 of the Dungeon.
You were completely stuffed.

You visited 1 branch of the dungeon, and saw 6 of its levels.
You also visited: Sewer.

You collected 279 gold pieces.
You spent 187 gold pieces at shops.

Inventory:

Armour
 a - a +0 robe (worn)
Jewellery
 c - an amulet of faith (around neck)
 u - an uncursed amulet of the gourmand {unknown}
Wands
 v - a wand of disintegration (21)
Scrolls
 j - a scroll of remove curse
 o - a scroll of enchant armour
 s - a scroll of amnesia
Potions
 d - 3 potions of berserk rage
 e - a potion of magic {unknown}
 f - a potion of cancellation {unknown}
 g - 2 potions of might
 h - a potion of brilliance {unknown}
 i - a potion of curing {unknown}
 m - 4 potions of heal wounds {unknown}
 n - 3 potions of flight
 p - a potion of haste {unknown}
 q - a potion of invisibility
 r - 2 potions of mutation {unknown}
Books
 l - a book of Cantrips

   Spells                             Type                      Level
   a - Confusing Touch                Hexes                        1
   b - Animate Skeleton               Necromancy                   1
   c - Summon Small Mammal            Summoning                    1
   d - Apportation                    Translocation                1
Comestibles
 b - 11 rations


   Skills:
 + Level 5.8 Fighting
 - Level 2.4 Dodging
 - Level 1.0 Stealth
 * Level 9.4 Unarmed Combat


You had 7 spell levels left.
You didn't know any spells.

Dungeon Overview and Level Annotations

Branches:
Dungeon (6/15)
 Temple: D:4-7

Altars:
Ashenzari
Trog
Vehumet

Shops:
D:4 !(:*?


Innate Abilities, Weirdness & Mutations

You are too large for most types of armour.
You have claws for hands.
Your metabolism is lightning-fast.
You like to eat raw meat.
Your natural rate of healing is unusually fast.
You are covered in fur. (AC +1)
You have very tough skin. (AC +2)


Message History

You feel sick. The black bear closely misses you. The black bear claws you.
* * * LOW HITPOINT WARNING * * *
The black bear claws you.
* * * LOW HITPOINT WARNING * * *
The hound closely misses you.
You scratch the black bear.
The black bear is severely wounded.
The black bear bites you but does no damage.
The black bear misses you.
The black bear claws you but does no damage.
The black bear bites you!
* * * LOW HITPOINT WARNING * * *
The black bear closely misses you. The black bear claws you.
* * * LOW HITPOINT WARNING * * *
Okay, then.
Sorry, you're not good enough to have a special ability.
You fade into invisibility!
You feel sick. The black bear closely misses you. The black bear claws you.
You die...

....#####..# ##..# ##..# ##.#
#..## ######.## ### #
#.#..#####.### ## #...## #..#..##
.###..#####.###..## #..#..<..#.##
##..# #..........# #@##
...........#####h# #..
............##..h# #####..####
................#####.........#
.........##....###............#
.........####..###............##
...............................#.
..............................:.#
........#######.............!..#


You could see a black bear (berserk) and a hound.

Vanquished Creatures
  Grinder (D:5)
  A black bear (D:6)
  An ice beast (D:6)
  2 centaurs
  A big kobold (Sewer)
  3 scorpions
  A crimson imp (D:5)
  A centaur zombie (D:6)
  A bullfrog zombie (D:5)
  2 orc priests (D:5)
  The ghost of Duffy the Sneak, a weakling SpEn (D:3)
  2 centaur skeletons (D:4)
  A hound (D:3)
  2 iguanas
  A bullfrog skeleton (D:4)
  An orc wizard (D:5)
  A statue (D:4)
  5 worker ants
  A worker ant zombie (D:6)
  8 adders
  10 gnolls
  2 river rats (Sewer)
  An adder skeleton (D:5)
  3 worms
  2 dart slugs (D:1)
  A leopard gecko (D:5)
  11 orcs
  9 bats
  10 giant cockroaches
  5 goblins
  6 hobgoblins
  6 jackals
  A quokka (D:4)
  A frilled lizard (D:3)
  A giant cockroach zombie (D:5)
  8 kobolds
  10 rats
124 creatures vanquished.

Vanquished Creatures (others)
  A goblin (D:3)
1 creature vanquished.

Grand Total: 125 creatures vanquished

Notes
Turn   | Place    | Note
-------+----------+-------------------------------------------
     0 | D:1      | Klosterheim the Troll Monk began the quest for the Orb.
     0 | D:1      | Reached XP level 1. HP: 22/22 MP: 0/0
   115 | D:1      | Reached XP level 2. HP: 29/29 MP: 1/1
   702 | D:1      | Reached XP level 3. HP: 32/36 MP: 2/2
  1065 | D:2      | Reached skill level 4 in Unarmed Combat
  1663 | D:3      | Reached XP level 4. HP: 42/45 MP: 3/3
  1694 | D:3      | Noticed Duffy's ghost (weakling SpEn)
  1721 | D:3      | Killed Duffy's ghost
  1784 | D:3      | Reached skill level 5 in Unarmed Combat
  1784 | D:3      | Reached XP level 5. HP: 48/53 MP: 4/4
  2569 | D:4      | Noticed a centaur
  2580 | D:4      | Killed a centaur
  2580 | D:4      | Reached skill level 6 in Unarmed Combat
  2580 | D:4      | Reached XP level 6. HP: 24/62 MP: 5/5
  2664 | D:4      | Found Ylesk's Antique Weapon Emporium.
  2755 | D:4      | Found Xycu's Book Boutique.
  2788 | D:4      | Found Torutisu's General Store.
  2973 | D:4      | Found a shattered altar of Ashenzari.
  2978 | D:4      | Found a radiant altar of Vehumet.
  3008 | D:4      | Reached XP level 7. HP: 59/70 MP: 6/6
  3039 | D:4      | Found Hyif Ebbofud's Magic Scroll Shoppe.
  3047 | D:4      | Bought a scroll of enchant armour for 75 gold pieces
  3103 | D:4      | Found a glowing drain.
  3132 | Sewer    | Entered a sewer
  3312 | Sewer    | Reached skill level 7 in Unarmed Combat
  3331 | Sewer    | Found a white marble altar of Elyvilon.
  3544 | D:4      | Found Xud Mej's Distillery.
  3553 | D:4      | Bought a potion of invisibility for 112 gold pieces
  3772 | D:5      | Entered Level 5 of the Dungeon
  3799 | D:5      | Noticed Grinder
  3813 | D:5      | Killed Grinder
  3813 | D:5      | Reached skill level 8 in Unarmed Combat
  3857 | D:5      | Reached skill level 5 in Fighting
  3866 | D:5      | Reached XP level 8. HP: 27/80 MP: 7/7
  4529 | D:6      | Reached skill level 9 in Unarmed Combat
  4894 | D:6      | Found a bloodstained altar of Trog.
  4921 | D:6      | HP: 3/83 [black bear (3)]
  4922 | D:6      | Slain by a black bear

Vault maps used:
D:1:      minmay_arrival_doors
D:2:      kennysheep_generic_room_15
D:3:      serial_glass, glass_columns_b, glass_columns_c, glass_columns_a,
          glass_columns_a, glass_columns_c, glass_columns_b, first_ration,
          lemuel_flame_loot_1
D:4:      vehumet_statue, gup_sewer_entry_glass, serial_shops, shop,
          shop_statue, kennysheep_little_box, nicolae_shop_waterfront, shop,
          ashenzari_altar_1
D:5:      uniq_grinder
D:6:      trog_ov_bears_minmay
Sewer:    sewer_kobolds

Skill      XL: |  1  2  3  4  5  6  7  8 |
---------------+-------------------------+-----
Unarmed Combat | 4 5 6 8 9 |  9.4
Fighting       | 3 4 5 |  5.8
Dodging        | |  2.4
Stealth        | |  1.0

Action                   |  1- 3 |  4- 6 |  7- 9 || total
-------------------------+-------+-------+-------++-------
Melee: Unarmed           |    95 |   101 |   164 ||   360
       Punch             |       |     1 |     3 ||     4
  Use: Scroll            |       |     4 |     2 ||     6
       Potion            |       |       |     1 ||     1
 Stab: Sleeping          |     2 |       |       ||     2
  Eat: Chunk             |    20 |    12 |    19 ||    51
Armor: Robe              |    38 |    15 |    42 ||    95
Dodge: Dodged            |    53 |    37 |    89 ||   179

Table legend:
 A = Spawn XP
 B = Non-spawn XP
 C = Spawn XP percentage of total XP
 D = Spawn monster count
 E = Non-spawn monster count
 F = Spawn count percentage of total count
 G = Total turns spent on level
                    A         B        C        D         E        F      G
               +---------+---------+-------+---------+---------+-------+---------
         Total |       0 |    2287 |   0.0 |       0 |     124 |   0.0 |  4922
               +---------+---------+-------+---------+---------+-------+---------
           D:1 |       0 |      44 |   0.0 |       0 |      25 |   0.0 |  1047
           D:2 |       0 |      52 |   0.0 |       0 |      11 |   0.0 |   610
           D:3 |       0 |     246 |   0.0 |       0 |      22 |   0.0 |   882
           D:4 |       0 |     477 |   0.0 |       0 |      20 |   0.0 |   937
           D:5 |       0 |     876 |   0.0 |       0 |      24 |   0.0 |   743
           D:6 |       0 |     454 |   0.0 |       0 |      11 |   0.0 |   407
         Sewer |       0 |     138 |   0.0 |       0 |      11 |   0.0 |   296
               +---------+---------+-------+---------+---------+-------+---------
